 Dungeon Crawl Stone Soup version 0.29-a0-1016-g236c7fd91e (webtiles) character file.

Game seed: 1180542473990940965

175 Manisian the Sneak (level 5, 0/23 (25) HPs)
             Began as a Spriggan Enchanter on Aug 9, 2022.
             Slain by a necrophage (7 damage)
             ... on level 4 of the Dungeon.
             The game lasted 00:04:04 (3153 turns).

Manisian the Sneak (Spriggan Enchanter)             Turns: 3153, Time: 00:04:05

HP:   0/23 (25)     AC:  3    Str:  4    XL:     5   Next: 29%
MP:   11/11         EV: 17    Int: 19    God:
Gold: 139           SH:  0    Dex: 15    Spells: 2/10 levels left

rFire   . . .      SeeInvis +   a - +2 dagger
rCold   . . .      Faith    .   (no shield)
rNeg    . . .      Spirit   .   b - +1 robe
rPois   .          Reflect  .   (helmet restricted)
rElec   .          Harm     .   (no cloak)
rCorr   .          Rampage  .   (gloves unavailable)
Will    .....                   (boots unavailable)
Stlth   +++.......              (no amulet)
HPRegen 0.07/turn               (no ring)
MPRegen 0.12/turn               (no ring)

@: drained, very quick
A: very small, no large weapons, unfitting armour, see invisible, speed 3
a: no special abilities


You were on level 4 of the Dungeon.
You visited 1 branch of the dungeon, and saw 4 of its levels.

You collected 139 gold pieces.

Inventory:

Hand Weapons
 a - a +2 dagger (weapon)
Armour
 b - a +1 robe (worn)
Wands
 m - a wand of roots (6)
Scrolls
 k - 2 scrolls of teleportation
Potions
 c - a potion of invisibility
 d - 2 potions of might
 e - 2 potions of flight {unknown}
 f - a potion of lignification {unknown}
 g - 3 potions of degeneration {unknown}
 h - 2 potions of haste
 i - a potion of cancellation {unknown}
 j - a potion of magic {unknown}
 l - 2 potions of brilliance {unknown}


   Skills:
 + Level 0.6 Fighting
 + Level 2.3 Short Blades
 + Level 3.2 Dodging
 * Level 6.7 Stealth
 + Level 3.3 Spellcasting
 + Level 4.3 Hexes
 + Level 1.1 Ice Magic


You had 2 spell levels left.
You knew the following spells:

 Your Spells              Type           Power      Damage    Failure   Level
a - Ensorcelled Hibernat  Hex/Ice        26%        N/A       8%          2
b - Tukima's Dance        Hex            19%        N/A       8%          3
c - Dazzling Flash        Conj/Hex       22%        N/A       19%         3

Your spell library contained the following spells:

 Spells                   Type           Power      Damage    Failure   Level
 Beastly Appendage        Tmut           6%         N/A       14%         1
 Shock                    Conj/Air       12%        1d3       14%         1
 Wereblood                Tmut           3%         N/A       22%         2
 Confusing Touch          Hex            19%        N/A       8%          3
 Conjure Flame            Conj/Fire      3%         6-21      41%         3
 Ignite Poison            Fire/Tmut/Pois 3%         N/A       41%         3
 Spider Form              Tmut/Pois      3%         N/A       41%         3
 Swiftness                Air            3%         N/A       41%         3
 Airstrike                Air            1%         2d(1-17)  82%         4
 Sticky Flame             Conj/Fire      3%         2d3       82%         4


Dungeon Overview and Level Annotations

Branches:
Dungeon (4/15)
 Temple: D:4-7

Altars:
Hepliaklqana
Xom
Zin

Shops:
D:2 !   D:4 [


Innate Abilities, Weirdness & Mutations

You are very small and have problems with some larger weapons.
You are too small for most types of armour.
You have supernaturally acute eyesight. (SInv)
You cover ground extremely quickly. (Speed+++)


Message History

The necrophage is heavily damaged.
The necrophage closely misses you.
You barely miss the necrophage.
The necrophage is heavily damaged.
You completely miss the necrophage.
The necrophage is heavily damaged.
The necrophage hits you.
You hit the necrophage.
The necrophage is severely damaged.
The necrophage misses you.
You hit the necrophage but do no damage.
The necrophage is severely damaged.
The necrophage barely misses you.
You hit the necrophage but do no damage.
The necrophage is severely damaged.
The necrophage misses you.
You hit the necrophage.
The necrophage is severely damaged.
The necrophage closely misses you.
You closely miss the necrophage.
The necrophage is severely damaged.
The necrophage hits you.
You feel drained.
You closely miss the necrophage.
The necrophage is severely damaged.
The necrophage hits you.
You completely miss the necrophage.
The necrophage is severely damaged.
The necrophage completely misses you.
You hit the necrophage.
The necrophage is almost destroyed.
The necrophage hits you.
You feel drained.
You hit the necrophage.
The necrophage is almost destroyed.
You closely miss the necrophage.
The necrophage is almost destroyed.
The necrophage hits you but does no damage.
You barely miss the necrophage.
The necrophage is almost destroyed.
The necrophage hits you!
You die...

# #.... # ..... .
..... # #...# ###
#.<.# .. #####.#.# ##
#....n..# . ### #@..#
# ... #...# #
#.###.### #
##.#.....# ########
###
........######......#
#.. ..#####.#
#.......#.#####
#.###.##.##.#..# ♣
#†.......##.##.# #~
#.###..####.##<# #P


You could see a necrophage.

Vanquished Creatures
  A scorpion (D:4)
  An orc wizard (D:4)
  Robin (D:3)
  2 adders
  3 dart slugs
  4 orcs
  6 endoplasms
  2 giant cockroaches (D:1)
  13 goblins
  6 hobgoblins
  2 jackals (D:1)
  3 quokkas
  5 ball pythons
  4 frilled lizards (D:1)
  2 kobolds
  3 rats
58 creatures vanquished.

Vanquished Creatures (others)
  A goblin (D:3)
1 creature vanquished.

Grand Total: 59 creatures vanquished

Notes
Turn   | Place    | Note
-------+----------+-------------------------------------------
     0 | D:1      | Manisian the Spriggan Enchanter began the quest for the
                  | Orb.
     0 | D:1      | Reached XP level 1. HP: 9/9 MP: 5/5
   471 | D:1      | Reached XP level 2. HP: 13/13 MP: 6/6
   480 | D:1      | Learned a level 2 spell: Ensorcelled Hibernation
   507 | D:1      | Reached skill level 5 in Stealth
  1122 | D:2      | Found Weethi's Distillery.
  1243 | D:2      | Reached XP level 3. HP: 16/16 MP: 5/8
  2128 | D:3      | Noticed Robin
  2149 | D:3      | Killed Robin
  2164 | D:3      | Reached XP level 4. HP: 14/21 MP: 7/9
  2169 | D:3      | Reached skill level 6 in Stealth
  2326 | D:3      | Found a hazy altar of Hepliaklqana.
  2326 | D:3      | Found a faded altar of an unknown god.
  2449 | D:3      | Found a glowing silver altar of Zin.
  2449 | D:3      | Found a shimmering altar of Xom.
  2449 | D:3      | Noticed an angel
  2531 | D:4      | Found Ykao's Antique Armour Boutique.
  2778 | D:4      | Reached skill level 1 in Ice Magic
  3068 | D:4      | Noticed a scorpion
  3073 | D:4      | Killed a scorpion
  3074 | D:4      | Reached XP level 5. HP: 25/25 MP: 5/11
  3078 | D:4      | Learned a level 3 spell: Tukima's Dance
  3082 | D:4      | Learned a level 3 spell: Dazzling Flash
  3153 | D:4      | Slain by a necrophage

Illustrated notes

Levels and vault maps discovered:
D:1:      dpeg_arrival_snail, layout_basic
D:2:      layout_basic, serial_shops, nicolae_shop_stone
D:3:      layout_loops_ring, grunt_temple_overflow_order_and_chaos_1,
          beargit_hepliaklqana_dungeon_heroes, uniq_robin
D:4:      minmay_chambers_of_fours, layout_loops_cross, serial_shops, shop,
          kennysheep_diamond, saegor_snake_ambush

Skill      XL: |  1  2  3  4 |
---------------+-------------+-----
Hexes          | 4 |  4.3
Stealth        | 5 6 |  6.7
Spellcasting   | 3 |  3.3
Ice Magic      | 1 |  1.1
Dodging        | 3 |  3.2
Short Blades   | 2 |  2.3
Fighting       | |  0.6

Action                   |  1- 3 |  4- 6 || total
-------------------------+-------+-------++-------
Melee: Dagger            |   118 |    95 ||   213
 Cast: Ensorcelled Hiber |    17 |     7 ||    24
  Use: Scroll            |     4 |     1 ||     5
       Potion            |     1 |       ||     1
 Stab: Sleeping          |    19 |     4 ||    23
       Invisible         |     7 |       ||     7
       Distracted        |     1 |       ||     1
Armor: Robe              |     7 |    14 ||    21
Dodge: Dodged            |    99 |    71 ||   170

Table legend: (Time is in decaauts)
 A = Elapsed time spent in this place.
 B = Non-inter-level travel time spent in this place.
 C = Inter-level travel time spent in this place.
 D = Time resting spent in this place.
 E = Time spent auto-exploring this place.
 F = Levels seen in this place.
 G = Mean time per level.
                   A        B        C        D        E       F      G
               +--------+--------+--------+--------+--------+-----+--------+
         Total |   2522 |   2504 |     18 |      0 |   2086 |   4 |  630.5 |
       Dungeon |   2522 |   2504 |     18 |      0 |   2086 |   4 |  630.5 |
               +--------+--------+--------+--------+--------+-----+--------+

Top non-repeatable levels by time:
     D:1: 832 daAuts
     D:3: 711 daAuts
     D:4: 579 daAuts
     D:2: 399 daAuts
